 Dungeon Crawl Stone Soup version 0.29.1-2-gbd0b4ee654 (webtiles) character file.

Game seed: 4654886487544812443

133 croobank the Conjurer (level 4, -4/33 HPs)
             Began as a Demonspawn Conjurer on Nov 30, 2022.
             Slain by an iguana (14 damage)
             ... on level 4 of the Dungeon.
             The game lasted 00:08:00 (3665 turns).

croobank the Conjurer (Demonspawn Conjurer)         Turns: 3665, Time: 00:08:00

Health: -4/33      AC:  3    Str:  7    XL:     4   Next: 93%
Magic:  2/8        EV: 12    Int: 21    God:
Gold:   101        SH:  0    Dex: 12    Spells: 2/8 levels left

rFire   . . .      SeeInvis .   a - +1 dagger (speed)
rCold   . . .      Faith    .   (no shield)
rNeg    . . .      Spirit   .   m - +0 robe
rPois   .          Reflect  .   (no helmet)
rElec   .          Harm     .   (no cloak)
rCorr   .          Rampage  .   (no gloves)
Will    .....                   y - +0 pair of boots
Stlth   ++........              (no amulet)
HPRegen 0.11/turn               (no ring)
MPRegen 0.11/turn               (no ring)

@: no status effects
A: claws 1, ignite blood 1
a: no special abilities


You were on level 4 of the Dungeon.
You visited 1 branch of the dungeon, and saw 4 of its levels.

You collected 101 gold pieces.

Inventory:

Hand Weapons
 a - a +1 dagger of speed (weapon)
 g - a +0 spear
Armour
 e - a +2 pair of boots
 m - a +0 robe (worn)
 y - a +0 pair of boots (worn)
Jewellery
 h - a +4 ring of protection
Wands
 C - a wand of charming (9)
Scrolls
 i - a scroll of vulnerability {unknown}
 l - a scroll of brand weapon {unknown}
 n - 7 scrolls of fear {unknown}
 o - 2 scrolls of teleportation {unknown}
 p - 2 scrolls of identify {unknown}
 r - 2 scrolls of enchant armour {unknown}
 u - a scroll of blinking {unknown}
 w - a scroll of enchant weapon {unknown}
 x - a scroll of poison {unknown}
 z - a scroll of magic mapping {unknown}
 A - a scroll of immolation {unknown}
 B - a scroll of fog {unknown}
Potions
 b - 3 potions of magic
 c - a potion of haste {unknown}
 d - a potion of mutation {unknown}
 f - a potion of might {unknown}
 j - 2 potions of degeneration {unknown}
 k - a potion of flight {unknown}
 q - a potion of resistance {unknown}
 s - a potion of heal wounds {unknown}
 t - a potion of ambrosia {unknown}
 v - 2 potions of curing {unknown}


   Skills:
 + Level 1.8 Fighting
 + Level 2.5 Dodging
 + Level 2.7 Stealth
 + Level 2.7 Spellcasting
 + Level 4.5 Conjurations


You had 2 spell levels left.
You knew the following spells:

 Your Spells              Type           Power      Damage    Failure   Level
a - Magic Dart            Conj           84%        1d7       2%          1
b - Searing Ray           Conj           42%        2d6       3%          2
c - Dazzling Flash        Conj/Hex       24%        N/A       16%         3

Your spell library contained the following spells:

 Spells                   Type           Power      Damage    Failure   Level
 Fulminant Prism          Conj/Hex       6%         3d7       47%         4
 Iskenderun's Mystic Bla  Conj/Tloc      12%        2d5       47%         4


Dungeon Overview and Level Annotations

Branches:
Dungeon (4/15)
 Temple: D:4-7

Altars:

Annotations:
D:4 2 transporters


Innate Abilities, Weirdness & Mutations

You have sharp fingernails.
Your demonic aura sometimes causes spilled blood to erupt in flames.


Message History

(Press . to maintain the ray.)
Casting: Searing Ray (safe; 3% risk of failure)
Confirm with . or Enter, or press ? or * to list all spells.
Restarting spell: Searing Ray (safe; 3% risk of failure)
Press: ? - help, Shift-Dir - straight line, f - iguana
Aim: an iguana (moderately wounded, 81% to hit)
The searing ray hits the iguana.
The iguana is moderately wounded. (Press . to maintain the ray.)
The iguana hisses menacingly.
You closely miss the iguana.
The iguana is moderately wounded.
The iguana bites you!
You hit the iguana but do no damage.
The iguana is moderately wounded.
You completely miss the iguana.
The iguana is moderately wounded.
The iguana closely misses you.
You hit the iguana but do no damage.
The iguana is moderately wounded.
The iguana closely misses you.
You hit the iguana but do no damage.
The iguana is moderately wounded.
You closely miss the iguana.
The iguana is moderately wounded.
The iguana bites you.
You hit the iguana.
The iguana is heavily wounded.
The iguana bites you!
You hit the iguana but do no damage.
The iguana is heavily wounded.
Casting: Searing Ray (safe; 3% risk of failure)
Confirm with . or Enter, or press ? or * to list all spells.
Aiming: Searing Ray (safe; 3% risk of failure)
Press: ? - help, Shift-Dir - straight line, f/p - iguana
Aim: an iguana (heavily wounded, 81% to hit)
The searing ray misses the iguana. (Press . to maintain the ray.)
The iguana bites you!
You die...

.#######.#..#####...##
... ## #.##.# #.#.#
...# #.##.#
###.#.#..##
#.##..##.....#©..#
#.###..#.##.##.#....
#.# #... #.# ... ##
#.# .#. #)## !#. !(5.
###.##..###. #####
#..@l....####.©.
##....#####........
###.
...########.####...
>.†. ##...)......#
##.## ###.
#......l##.###..#
#.....#l.#..##.#
########.......####
####.......#
#####.#.#####


You could see an iguana.

Vanquished Creatures
  2 hounds (D:4)
  An adder (D:3)
  2 dart slugs (D:3)
  An orc (D:4)
  3 bats
  6 endoplasms
  2 giant cockroaches
  7 goblins
  9 hobgoblins
  2 jackals (D:3)
  3 quokkas
  6 ball pythons
  3 frilled lizards
  3 kobolds
  5 rats
55 creatures vanquished.

Notes
Turn   | Place    | Note
-------+----------+-------------------------------------------
     0 | D:1      | croobank the Demonspawn Conjurer began the quest for the
                  | Orb.
     0 | D:1      | Reached XP level 1. HP: 13/13 MP: 3/3
   458 | D:1      | Gained mutation: Your demonic aura sometimes causes spilled
                  | blood to erupt in flames. [demonic ancestry]
   458 | D:1      | Reached XP level 2. HP: 20/20 MP: 0/5
   514 | D:1      | Learned a level 2 spell: Searing Ray
  1560 | D:2      | Reached skill level 1 in Fighting
  1564 | D:2      | Reached XP level 3. HP: 26/26 MP: 1/6
  1568 | D:2      | Learned a level 3 spell: Dazzling Flash
  2259 | D:2      | Noticed a black bear
  2503 | D:3      | Found a faded altar of an unknown god.
  3229 | D:3      | Gained mutation: You have sharp fingernails. [demonic
                  | ancestry]
  3229 | D:3      | Reached XP level 4. HP: 28/32 MP: 2/7
  3605 | D:4      | Found a transporter.
  3615 | D:4      | Found a transporter.
  3665 | D:4      | Slain by an iguana

Illustrated notes

Levels and vault maps discovered:
D:1:      lightli_arrival_isolated_outpost, layout_basic
D:2:      layout_rooms, grunt_decor_arrowhead, serial_park_tiny_1,
          lightli_corner_chamber
D:3:      layout_loops_ring, shapermc_ecumenical_altar_totnotflames,
          minmay_close_crescents
D:4:      layout_rooms, gammafunk_ghost_stat_death, uniq_natasha

Skill      XL: |  1  2 |
---------------+-------+-----
Stealth        | 2 |  2.7
Dodging        | 2 |  2.5
Fighting       | 1 |  1.8
Spellcasting   | |  2.7
Conjurations   | |  4.5

Action                   |  1- 3 |  4- 6 || total
-------------------------+-------+-------++-------
Melee: Dagger            |    55 |    15 ||    70
       Unarmed           |     1 |       ||     1
 Cast: Magic Dart        |    47 |     4 ||    51
       Searing Ray       |    16 |     6 ||    22
 Stab: Sleeping          |     3 |       ||     3
Armor: Robe              |     7 |     3 ||    10
Dodge: Dodged            |    37 |     7 ||    44
